 Dungeon Crawl Stone Soup version 0.27.1-1-g398f81649c (webtiles) character file.

Game seed: 3827383921029688338

68 chaosape the Stinger (level 4, -9/32 HPs)
             Began as a Gnoll Wanderer on Sept 9, 2021.
             Mangled by Sigmund (10 damage)
             ... on level 2 of the Dungeon.
             The game lasted 00:13:21 (3607 turns).

chaosape the Stinger (Gnoll Wanderer)               Turns: 3607, Time: 00:13:21

Health: -9/32      AC:  3    Str: 11    XL:     4   Next: 19%
Magic:  8/8        EV: 11    Int: 12    God:
Gold:   126        SH:  0    Dex: 12    Spells: 4/8 levels left

rFire    . . .     SeeInvis .   a - +0 dagger
rCold    . . .     Faith    .   (no shield)
rNeg     . . .     Spirit   .   b - +0 robe
rPois    .         Reflect  .   (no helmet)
rElec    .         Harm     .   j - +0 cloak
rCorr    .         Rampage  .   (no gloves)
Will     .....                  (no boots)
Stlth    ++........             (no amulet)
HPRegen  0.10/turn              f - ring of wizardry
MPRegen  0.11/turn              (no ring)

@: flying
A: fangs 1, strong nose, distributed training
a: no special abilities


You were on level 2 of the Dungeon.
You visited 1 branch of the dungeon, and saw 2 of its levels.

You collected 126 gold pieces.

Inventory:

Hand Weapons
 a - a +0 dagger (weapon)
Missiles
 l - 33 bolts
 p - 16 arrows
Armour
 b - a +0 robe (worn)
 e - a +0 ring mail
 j - a +0 cloak (worn)
 m - a +0 scale mail
Jewellery
 f - a ring of wizardry (left hand)
 n - a ring of ice
Scrolls
 h - a scroll of amnesia
Potions
 d - 4 potions of flight
 g - a potion of might {unknown}
 i - a potion of curing {unknown}
 o - a potion of haste {unknown}
 q - a potion of magic {unknown}


   Skills:
 + Level 1.0 Fighting
 + Level 1.0 Short Blades
 + Level 1.0 Long Blades
 + Level 1.0 Axes
 + Level 1.0 Maces & Flails
 + Level 1.0 Polearms
 + Level 1.0 Staves
 + Level 1.0 Slings
 + Level 1.0 Bows
 + Level 1.0 Crossbows
 + Level 2.7 Throwing
 + Level 1.0 Armour
 + Level 1.0 Dodging
 + Level 1.0 Stealth
 + Level 1.0 Shields
 + Level 1.0 Unarmed Combat
 + Level 2.9 Spellcasting
 + Level 3.8 Conjurations
 + Level 0.8 Hexes
 + Level 2.2 Summonings
 + Level 0.8 Necromancy
 + Level 0.8 Translocations
 + Level 0.8 Transmutations
 + Level 3.8 Fire Magic
 + Level 0.8 Ice Magic
 + Level 0.8 Air Magic
 + Level 0.8 Earth Magic
 + Level 3.8 Poison Magic
 + Level 1.1 Invocations
 + Level 2.7 Evocations


You had 4 spell levels left.
You knew the following spells:

 Your Spells              Type           Power      Damage    Failure   Level
a - Magic Dart            Conj           40%        1d5       2%          1
b - Sting                 Tmut/Pois      28%        1d4       4%          1
c - Searing Ray           Conj           20%        3d3       3%          2

Your spell library contained the following spells:

 Spells                   Type           Power      Damage    Failure   Level
 Apportation              Tloc           6%         N/A       8%          1
 Mephitic Cloud           Conj/Pois/Air  8%         N/A       10%         3
 Dazzling Flash           Conj/Hex       14%        N/A       12%         3
 Teleport Other           Tloc           3%         N/A       21%         3
 Fulminant Prism          Conj/Hex       3%         3d6       34%         4
 Iskenderun's Mystic Bla  Conj/Tloc      7%         2d4       34%         4


Dungeon Overview and Level Annotations

Branches:
Dungeon (2/15)

Altars:

Annotations:
D:2 Sigmund


Innate Abilities, Weirdness & Mutations

You have very sharp teeth.
Your uncanny sense of smell can sniff out nearby items.
Your experience applies equally to all skills.


Message History

Deactivating autopickup; reactivate with Ctrl-A.
Something tries to affect you, but you resist.
A magic dart appears from out of thin air!
The magic dart hits you!
An endoplasm comes into view.
The helpless endoplasm fails to defend itself.
You hit the endoplasm.
The endoplasm is almost dead.
The endoplasm hits you.
You hit the endoplasm.
You kill the endoplasm!
You hear some strange, mumbled words.
You are confused.
You bump into the rock wall.
You bump into the rock wall.
Something hits you!
You bump into the rock wall.
You feel less confused.
Okay, then.
Okay, then.
As you read the scroll labelled PYCAIRETEH, it crumbles to dust.
It is a scroll of amnesia.
Really abort (and waste the scroll)?
Okay, then.
Something hits you!
* * * LOW HITPOINT WARNING * * *
As you read the scroll labelled AGRONI ILIUTUP, it crumbles to dust.
The scroll dissolves into smoke.
It was a scroll of fog.
You hear some strange, mumbled words.
Something tries to affect you, but you resist.
Unknown command.
As you read the scroll labelled BEOSUWNUNGI, it crumbles to dust.
You hear a loud clanging noise!
It was a scroll of noise.
A magic dart appears from out of thin air!
The magic dart hits you.
* * * LOW HITPOINT WARNING * * *
It was a potion of flight.
You feel very buoyant.
You fly up into the air.
Something hits you!
You die...

#...# #####
#..
#.#####...##
#.# #.#
##.###.## #.#
######.###.##
##.# #.#
#..........#
#.# ##.#
#.####.###.#
##.# #..#
####.####.#
##§###{##
#.##
..........#
#§§§## #.#
###########
##@## #.# #
#§§§....#
##.#
#########
#..# #.##
#..## ##..#
##.. ##. ##


There were no monsters in sight!

Vanquished Creatures
  3 adders (D:2)
  A worm (D:2)
  A dart slug (D:1)
  4 ball pythons
  4 bats (D:2)
  4 endoplasms (D:2)
  A giant cockroach (D:1)
  2 goblins (D:1)
  3 hobgoblins (D:2)
  4 quokkas
  6 frilled lizards
  2 kobolds
  A rat (D:2)
36 creatures vanquished.

Notes
Turn   | Place    | Note
-------+----------+-------------------------------------------
     0 | D:1      | chaosape the Gnoll Wanderer began the quest for the Orb.
     0 | D:1      | chaosape set off with the following items: a +0 dagger, a
                  | +0 robe; and the following spells available to memorise:
                  | Magic Dart, Searing Ray, Sting, Apportation, Mephitic
                  | Cloud, Dazzling Flash, Teleport Other, Fulminant Prism,
                  | Iskenderun's Mystic Blast
     0 | D:1      | Reached XP level 1. HP: 13/13 MP: 4/4
     2 | D:1      | Learned a level 1 spell: Magic Dart
     4 | D:1      | Learned a level 1 spell: Sting
   499 | D:1      | Found a faded altar of an unknown god.
   769 | D:1      | Reached XP level 2. HP: 19/19 MP: 3/5
   873 | D:1      | Learned a level 2 spell: Searing Ray
  1536 | D:2      | Reached XP level 3. HP: 25/25 MP: 4/7
  1892 | D:2      | Reached skill level 1 in Invocations
  2442 | D:2      | Reached skill level 1 in Fighting
  2442 | D:2      | Reached skill level 1 in Short Blades
  2442 | D:2      | Reached skill level 1 in Long Blades
  2442 | D:2      | Reached skill level 1 in Axes
  2442 | D:2      | Reached skill level 1 in Maces & Flails
  2442 | D:2      | Reached skill level 1 in Polearms
  2442 | D:2      | Reached skill level 1 in Staves
  2442 | D:2      | Reached skill level 1 in Slings
  2442 | D:2      | Reached skill level 1 in Bows
  2442 | D:2      | Reached skill level 1 in Crossbows
  2442 | D:2      | Reached skill level 1 in Armour
  2442 | D:2      | Reached skill level 1 in Dodging
  2442 | D:2      | Reached skill level 1 in Stealth
  2442 | D:2      | Reached skill level 1 in Shields
  2442 | D:2      | Reached skill level 1 in Unarmed Combat
  2768 | D:2      | Reached XP level 4. HP: 8/32 MP: 5/8
  3571 | D:2      | Noticed Sigmund
  3606 | D:2      | HP: 1/32 [something/magic dart (5)]
  3607 | D:2      | Mangled by Sigmund

Illustrated notes

Levels and vault maps discovered:
D:1:      erik_arrival_blinker_ship, layout_loops_corners,
          hellmonk_ecumenical_altar_run_dry, chequers_jeans
D:2:      minmay_chambers_of_ones, layout_loops_ring, minmay_circle_x,
          uniq_sigmund

Skill      XL: |  1  2  3 |
---------------+----------+-----
Summonings     | 2 |  2.2
Invocations    | 1 |  1.1
Fighting       | 1 |  1.0
Short Blades   | 1 |  1.0
Long Blades    | 1 |  1.0
Axes           | 1 |  1.0
Maces & Flails | 1 |  1.0
Polearms       | 1 |  1.0
Staves         | 1 |  1.0
Slings         | 1 |  1.0
Bows           | 1 |  1.0
Crossbows      | 1 |  1.0
Armour         | 1 |  1.0
Dodging        | 1 |  1.0
Stealth        | 1 |  1.0
Shields        | 1 |  1.0
Unarmed Combat | 1 |  1.0
Throwing       | |  2.7
Spellcasting   | |  2.9
Conjurations   | |  3.8
Hexes          | |  0.8
Necromancy     | |  0.8
Translocations | |  0.8
Transmutations | |  0.8
Fire Magic     | |  3.8
Ice Magic      | |  0.8
Air Magic      | |  0.8
Earth Magic    | |  0.8
Poison Magic   | |  3.8
Evocations     | |  2.7

Action                   |  1- 3 |  4- 6 || total
-------------------------+-------+-------++-------
Melee: Dagger            |    47 |     7 ||    54
       Bite              |     7 |     1 ||     8
 Cast: Magic Dart        |    50 |     7 ||    57
       Searing Ray       |     5 |     1 ||     6
       Sting             |     2 |       ||     2
  Use: Scroll            |       |     3 ||     3
       Potion            |       |     1 ||     1
 Stab: Sleeping          |       |     1 ||     1
Armor: Robe              |    12 |     1 ||    13
Dodge: Dodged            |    28 |       ||    28
